 Dungeon Crawl Stone Soup version 0.30.1-4-g462c640d31 (webtiles) character file.

Game seed: 4487167086048925400

96164 Babbit the Severer (level 15, 0/141 HPs)
             Began as a Minotaur Fighter on Aug 11, 2023.
             Was the Champion of Okawaru.
             Slain by a nine-headed hydra (12 damage)
             ... on level 3 of the Swamp on Aug 12, 2023.
             The game lasted 02:33:48 (23420 turns).

Babbit the Severer (Minotaur Fighter)              Turns: 23420, Time: 02:33:49

Health: 0/141      AC: 17    Str: 27    XL:     15   Next: 68%
Magic:  18/18      EV: 15    Int:  5    God:    Okawaru [******]
Gold:   1257       SH: 12    Dex: 14    Spells: 14/14 levels left

rFire   + . .        M - +10 consecrated labrys {holy, Valiant Fragile Fly SInv}
rCold   . . .        c - +0 buckler
rNeg    . . .        X - +5 ring mail of the Salamander {+Inv rElec rF+}
rPois   +            S - +2 hat of a treasure trove {Dex+3}
rElec   +            i - scarf {repulsion}
rCorr   +            W - +1 pair of gloves of Intuition {Drain rPois Regen+ rCorr}
SInv    +            m - +2 pair of boots
Will    +++..        s - amulet of reflection
Stlth   ++           e - ring of willpower
HPRegen 1.23/turn    J - ring of willpower
MPRegen 0.16/turn

%: repel missiles, reflection
@: corroded, flying, studying 2 skills
A: horns 2, retaliatory headbutt
a: Renounce Religion, Evoke Invisibility, Heroism, Finesse, Duel


You were on level 3 of the Swamp.
You worshipped Okawaru.
Okawaru was exalted by your worship.
You visited 5 branches of the dungeon, and saw 23 of its levels.
You also visited: Trove.

You collected 2399 gold pieces.
You spent 1142 gold pieces at shops.

Inventory:

Hand Weapons
 B - a +4 broad axe of flaming
 E - a +2 antimagic hand axe
 M - the +10 consecrated labrys (weapon) {holy, Valiant Fragile Fly SInv}
   (Okawaru gifted it to you on level 2 of the Lair of Beasts)

   Valiant:   It becomes more powerful as more dangerous foes come into view.
   SInv:      It lets you see invisible.
   Fly:       It grants you flight.
   Fragile:   It will be destroyed if unequipped.
Missiles
 g - 7 boomerangs
 n - 6 throwing nets
 v - 5 silver boomerangs
 x - 3 silver javelins
Armour
 c - a +0 buckler (worn)
 i - a scarf of repulsion (worn)
 m - a +2 pair of boots (worn)
 p - a +4 chain mail
 S - the +2 hat of a treasure trove (worn) {Dex+3}
   (Okawaru gifted it to you on level 4 of the Lair of Beasts)

   Dex:       It affects your dexterity (+3).
 W - the +1 pair of gloves of Intuition (worn) {Drain rPois Regen+ rCorr}
   (Okawaru gifted it to you on level 2 of the Orcish Mines)

   rPois:     It protects you from poison.
   Regen:     It increases your rate of health regeneration.
   rCorr:     It protects you from acid and corrosion.
   Drain:     It drains your maximum health when unequipped.
 X - the +5 ring mail of the Salamander (worn) {+Inv rElec rF+}
   (You bought it in a shop on level 2 of the Orcish Mines)

   rF:        It protects you from fire.
   rElec:     It insulates you from electricity.
   +Inv:      It lets you turn invisible.
Jewellery
 e - a ring of willpower (left hand)
 q - a ring of positive energy
 s - an amulet of reflection (around neck)
 y - a ring of protection from cold
 J - a ring of willpower (right hand)
 L - a +5 ring of evasion
Wands
 a - a wand of quicksilver (8)
 b - a wand of polymorph (16)
 t - a wand of mindburst (8)
 C - a wand of flame (9) (quivered)
 K - a wand of roots (27)
Scrolls
 f - 4 scrolls of identify
 j - 2 scrolls of fog
 k - a scroll of silence
 o - a scroll of poison
 A - a scroll of brand weapon
 H - 4 scrolls of magic mapping
 N - 2 scrolls of blinking
 P - a scroll of butterflies
 Q - a scroll of fear
 V - 5 scrolls of teleportation
Potions
 d - 2 potions of might
 h - a potion of haste
 l - a potion of brilliance
 r - 3 potions of flight
 u - 2 potions of lignification
 z - 3 potions of curing
 I - 2 potions of ambrosia
 O - a potion of invisibility
Miscellaneous
 R - a piece from Xom's chessboard (15/15)


   Skills:
 + Level 15.4 Fighting
 + Level 19.4 Axes
 + Level 5.7 Throwing
 + Level 14.1 Armour
 + Level 9.4 Dodging
 + Level 3.6 Stealth
 + Level 12.0 Shields
 + Level 5.4 Invocations
 + Level 3.5 Evocations


You had 14 spell levels left.
You didn't know any spells.
Your spell library contained the following spells:

 Spells                   Type           Power      Damage    Failure   Level
 Apportation              Tloc           0%         N/A       61%         1
 Beastly Appendage        Tmut           0%         N/A       61%         1
 Kiss of Death            Conj/Necr      0%         2d5       61%         1
 Slow                     Hex            0%         N/A       61%         1
 Sting                    Tmut/Pois      0%         1d3       61%         1
 Cigotuvi's Dreadful Rot  Necr/Pois/Air  0%         N/A       75%         2
 Ensorcelled Hibernation  Hex/Ice        0%         N/A       75%         2
 Passwall                 Tmut/Erth      0%         N/A       75%         2
 Poisonous Vapours        Pois/Air       0%         N/A       75%         2
 Static Discharge         Conj/Air       0%         2-2/arc   75%         2
 Sublimation of Blood     Necr           0%         N/A       75%         2
 Wereblood                Tmut           0%         N/A       75%         2
 Confusing Touch          Hex            0%         N/A       93%         3
 Dazzling Flash           Conj/Hex       0%         N/A       93%         3
 Frozen Ramparts          Ice            0%         1d1       93%         3
 Hailstorm                Conj/Ice       0%         3d3       93%         3
 Ignite Poison            Fire/Tmut/Pois 0%         N/A       93%         3
 Inner Flame              Hex/Fire       0%         N/A       93%         3
 Ozocubu's Armour         Ice            0%         N/A       93%         3
 Portal Projectile        Hex/Tloc       0%         N/A       93%         3
 Spider Form              Tmut/Pois      0%         N/A       93%         3
 Swiftness                Air            0%         N/A       93%         3
 Vampiric Draining        Necr           0%         2d6       93%         3
 Cause Fear               Hex            0%         N/A       100%        4
 Dispel Undead            Necr           0%         3d6       100%        4
 Flame Wave               Conj/Fire      0%         2d4       100%        4
 Leda's Liquefaction      Hex/Erth       0%         N/A       100%        4
 Olgreb's Toxic Radiance  Pois           0%         N/A       100%        4
 Sticky Flame             Conj/Fire      0%         2d3       100%        4
 Alistair's Intoxication  Tmut/Pois      0%         N/A       100%        5
 Freezing Cloud           Conj/Ice/Air   0%         6-21      100%        5
 Irradiate                Conj/Tmut      0%         3d11      100%        5
 Metabolic Englaciation   Hex/Ice        0%         N/A       100%        5
 Conjure Ball Lightning   Conj/Air       0%         3x3d6     100%        6
 Statue Form              Tmut/Erth      0%         N/A       100%        6
 Dragon Form              Tmut           0%         N/A       100%        7
 Call Canine Familiar     Summ           Unusable   N/A       N/A         3
 Simulacrum               Ice/Necr       Unusable   N/A       N/A         6
 Dragon's Call            Summ           Unusable   N/A       N/A         9

Dungeon Overview and Level Annotations

Branches:
Dungeon (11/15)            Temple (1/1) D:6            Lair (5/5) D:11
  Swamp (4/4) Lair:3       Spider (0/4) Lair:2        Slime (0/5) Lair:5
    Orc (2/2) D:10            Elf (0/3) Orc:2

Altars:
Ashenzari
Cheibriados
Dithmenos
Elyvilon
Fedhas
Gozag
Hepliaklqana
Kikubaaqudgha
Makhleb
Okawaru
Sif Muna
Trog
Uskayaw
Vehumet
Wu Jian
Xom
Yredelemnul
The Shining One

Shops:
Orc:2 ?[(?

Annotations:
D:5 2 transporters
Lair:2 exclusion: oklob plant
Lair:3 exclusion: oklob plant
Swamp:2 exclusion: 2 ice statues


Innate Abilities, Weirdness & Mutations

You have a pair of horns on your head.
You reflexively headbutt those who attack you in melee.


Message History

The eight-headed hydra bites you.
The eight-headed hydra bites you but does no damage. x2
A tree reaches out but misses you.
There is a stone staircase leading up here.
A tree reaches out and hits you! The goliath frog hits you from afar.
The acid corrodes you!
You are splashed with acid.
You resist. You block the alligator's attack. The alligator closely misses you.
The eight-headed hydra bites you!
The eight-headed hydra barely misses you.
You block the eight-headed hydra's attack.
The eight-headed hydra barely misses you. x2
The eight-headed hydra completely misses you.
You block the eight-headed hydra's attack.
The eight-headed hydra completely misses you.
The alligator puts on a burst of speed!
The alligator closely misses you.
The alligator tail-slaps you but does no damage.
The goliath frog hits you from afar!
* * * LOW HITPOINT WARNING * * *
The acid corrodes you!
You are splashed with acid.
You resist.
* * * LOW HITPOINT WARNING * * *
The eight-headed hydra bites you but does no damage.
The eight-headed hydra bites you!
* * * LOW HITPOINT WARNING * * *
The eight-headed hydra bites you but does no damage.
The eight-headed hydra bites you.
* * * LOW HITPOINT WARNING * * *
The eight-headed hydra bites you.
* * * LOW HITPOINT WARNING * * *
The eight-headed hydra bites you!
* * * LOW HITPOINT WARNING * * *
The eight-headed hydra bites you but does no damage. x2
You fly upwards.
There is a stone staircase leading down here.
You slice the alligator!!
The alligator is moderately wounded.
You slice one of the eight-headed hydra's heads off!
The seven-headed hydra grows two more!
You slash the nine-headed hydra!
You block the nine-headed hydra's attack.
The nine-headed hydra bites you!
You die...

♣♣.♣ ♣♣♣♣ ♣♣♣♣ ♣♣.
♣..♣♣♣♣♣♣.~♣ ♣.[
♣♣.~♣♣).~..♣♣♣♣♣♣♣~~
♣~~♣♣♣~~..~♣♣♣~~.~..
♣§.~.~♣♣~...~~.....♣
♣♣~~~.♣♣~.~~..~~.♣♣♣
♣~~Dt~.♣~..~~...♣♣
♣♣~@~~....~~~.~.~♣
♣♣~..~.....~~~.♣♣♣♣
♣♣.~~~~~..~~~~..~.♣
♣♣~~~~~~~§~~~~~~....
♣.~~~~~~~~~~..~.♣.~. ♣♣♣♣♣
♣..~~~.§~~~~.~.~♣.~.
♣~..♣♣♣♣~.~~♣.~~~~~..♣♣~~♣
♣♣.~~.♣♣...~.~..~~~~♣♣♣~~~♣
♣.~~~~..~~~...♣~~~~~♣♣♣..~♣


You could see an alligator (swift) and a nine-headed hydra.

Vanquished Creatures
  4 eleionomae
  3 bunyips
  Josephine (Swamp:1)
  9 hydras
  2 ghost crabs (Swamp:4)
  A catoblepas (Lair:5)
  A boulder beetle (Lair:1)
  7 alligators
  5 death yaks (Lair:5)
  A deep troll shaman (Lair:5)
  4 two-headed ogres
  4 orc high priests (Orc:2)
  2 spriggan druids
  4 goliath frogs
  9 swamp dragons
  2 bog bodies
  Pikel (D:4)
  5 orc knights (Orc:2)
  3 orc sorcerers (Orc:2)
  An ugly thing (D:11)
  4 cyclopes
  4 will-o-the-wisps
  6 black mambas
  10 elephants
  9 cane toads
  A gargoyle (D:9)
  An unseen horror (D:10)
  Psyche (D:8)
  3 rime drakes
  11 komodo dragons
  6 kobold demonologists
  2 trolls
  A meliai (Lair:2)
  6 tyrant leeches
  5 hornets
  4 polar bears
  16 blink frogs
  Sigmund (D:3)
  6 spriggans
  A vampire (D:10)
  8 wyverns
  7 wraiths
  3 basilisks
  57 yaks
  4 vampire mosquitoes
  Grum (D:10)
  12 swamp worms
  Menkaure (D:7)
  2 wargs (Orc:2)
  13 water moccasins
  10 swamp drakes
  An acid dragon (D:10)
  21 orc warriors
  An ice beast (D:6)
  8 black bears
  31 wolves
  11 ogres
  4 centaurs
  2 lemures (D:4)
  3 phantoms
  2 kobold brigands
  12 bullfrogs
  4 scorpions
  12 wights
  12 killer bees
  An electric eel (Lair:3)
  4 jellies
  4 hounds
  13 orc priests
  2 gnoll boudas
  2 iguanas (D:5)
  2 sleepcaps
  28 orc wizards
  4 hell rats (Lair:4)
  5 adders
  16 gnolls
  A shadow imp (D:8)
  A white imp (D:6)
  An ufetubus (D:5)
  3 dart slugs
  61 orcs
  8 ball pythons
  6 bats
  5 endoplasms
  12 hobgoblins
  2 jackals (D:5)
  2 quokkas
  3 frilled lizards
  5 goblins
  16 kobolds
  5 rats (D:3)
  A butterfly (D:6)
622 creatures vanquished.

Vanquished Creatures (others)
  An alligator (Swamp:4)
  A bloated husk (Swamp:4)
  20 foxfires
22 creatures vanquished.

Grand Total: 644 creatures vanquished

Notes
Turn   | Place    | Note
-------+----------+-------------------------------------------
     0 | D:1      | Babbit the Minotaur Fighter began the quest for the Orb.
     0 | D:1      | Reached XP level 1. HP: 19/19 MP: 0/0
   164 | D:1      | Reached XP level 2. HP: 27/27 MP: 1/1
   974 | D:2      | Found a faded altar of an unknown god.
   980 | D:2      | Reached XP level 3. HP: 30/33 MP: 2/2
  1231 | D:3      | Noticed Sigmund
  1258 | D:3      | Killed Sigmund
  1259 | D:3      | Reached skill level 3 in Axes
  1259 | D:3      | Reached skill level 1 in Dodging
  1259 | D:3      | Reached XP level 4. HP: 12/41 MP: 3/3
  1259 | D:3      | Reached XP level 5. HP: 14/47 MP: 4/4
  1573 | D:3      | Reached skill level 5 in Armour
  1606 | D:3      | Reached skill level 4 in Axes
  1635 | D:3      | Found a shimmering blue altar of Sif Muna.
  1693 | D:3      | Reached skill level 5 in Shields
  2082 | D:4      | Reached XP level 6. HP: 53/53 MP: 5/5
  2454 | D:4      | Reached skill level 5 in Axes
  2514 | D:4      | Reached skill level 5 in Fighting
  2636 | D:4      | Noticed Pikel
  2691 | D:4      | Killed Pikel
  2692 | D:4      | Reached skill level 7 in Axes
  2692 | D:4      | Reached XP level 7. HP: 44/61 MP: 6/6
  2846 | D:4      | Reached skill level 1 in Throwing
  2846 | D:4      | Reached XP level 8. HP: 70/70 MP: 7/7
  3070 | D:5      | Entered Level 5 of the Dungeon
  3085 | D:5      | Reached skill level 8 in Axes
  3443 | D:5      | Reached skill level 9 in Axes
  3461 | D:5      | Found a transporter.
  3769 | D:5      | Found a transporter.
  4812 | D:6      | Reached skill level 10 in Axes
  4812 | D:6      | Reached XP level 9. HP: 68/78 MP: 8/8
  4909 | D:6      | Found a staircase to the Ecumenical Temple.
  4925 | Temple   | Entered the Ecumenical Temple
  4978 | Temple   | Became a worshipper of Warmaster Okawaru
  6172 | D:7      | Reached * piety under Okawaru
  6320 | D:7      | Noticed Menkaure
  6328 | D:7      | Killed Menkaure
  6329 | D:7      | Reached skill level 11 in Axes
  7107 | D:8      | Noticed Psyche
  7114 | D:8      | Killed Psyche
  7196 | D:8      | Reached ** piety under Okawaru
  7217 | D:8      | Reached XP level 10. HP: 85/86 MP: 9/9
  7696 | D:8      | Noticed a cyclops
  7711 | D:8      | Killed a cyclops
  7712 | D:8      | Reached skill level 12 in Axes
  8418 | D:9      | Reached *** piety under Okawaru
  8762 | D:9      | Noticed a gargoyle
  8772 | D:9      | Killed a gargoyle
  9094 | D:9      | Noticed a two-headed ogre
  9099 | D:9      | Killed a two-headed ogre
  9229 | D:10     | Entered Level 10 of the Dungeon
  9242 | D:10     | Reached skill level 13 in Axes
  9242 | D:10     | Reached skill level 10 in Armour
  9242 | D:10     | Reached skill level 5 in Dodging
  9242 | D:10     | Reached XP level 11. HP: 97/97 MP: 9/12
  9384 | D:10     | Noticed a sun demon
  9398 | D:10     | HP: 2/97 [sun demon[a kobold demonologist] (10)]
  9400 | D:10     | Noticed a soul eater
  9401 | D:10     | Reached **** piety under Okawaru
 10130 | D:10     | Found a staircase to the Orcish Mines.
 10298 | D:10     | Noticed a two-headed ogre
 10307 | D:10     | Killed a two-headed ogre
 10308 | D:10     | Reached XP level 12. HP: 105/105 MP: 13/13
 10322 | D:10     | Noticed Grum
 10332 | D:10     | Noticed a two-headed ogre
 10347 | D:10     | Killed Grum
 10349 | D:10     | Killed a two-headed ogre
 10349 | D:10     | Reached ***** piety under Okawaru
 10889 | D:11     | Noticed a two-headed ogre
 10908 | D:11     | Killed a two-headed ogre
 10908 | D:11     | Received a gift from Okawaru
 10909 | D:11     | Reached skill level 14 in Axes
 11185 | D:11     | Reached skill level 10 in Fighting
 11202 | D:11     | Reached skill level 1 in Evocations
 11217 | D:11     | Found a staircase to the Lair.
 11550 | D:11     | Identified the +0 robe of the Thoughtful Knaves {Int+2
                  | Dex-5 SInv Stlth+}
 11737 | D:11     | Found a portal to a secret trove of treasure.
 12202 | Lair:1   | Entered Level 1 of the Lair of Beasts
 12288 | Lair:1   | Received a gift from Okawaru
 12865 | Lair:1   | Reached skill level 5 in Throwing
 12866 | Lair:1   | Reached skill level 15 in Axes
 12885 | Lair:1   | Noticed a boulder beetle
 13070 | Lair:1   | Received a gift from Okawaru
 13190 | Lair:1   | Killed a boulder beetle
 13191 | Lair:1   | Reached XP level 13. HP: 47/114 MP: 15/15
 13911 | Lair:2   | Found a hole to the Spider Nest.
 14451 | Lair:2   | Received a gift from Okawaru
 14451 | Lair:2   | Found the +4 consecrated labrys {holy, Valiant Fragile Fly
                  | SInv}
 14581 | Lair:2   | Identified the +0 robe "Roirusaig" {Rampage rCorr MP+9
                  | Str-3}
 14894 | Lair:3   | You are sucked into a shaft and drop 2 floors!
 14894 | Lair:5   | Entered Level 5 of the Lair of Beasts
 14913 | Lair:5   | Reached skill level 10 in Shields
 15145 | Lair:5   | Reached skill level 16 in Axes
 15365 | Lair:5   | Reached ****** piety under Okawaru
 15819 | Lair:5   | Received a gift from Okawaru
 16220 | Lair:5   | Found a staircase to the Slime Pits.
 16305 | Lair:4   | Reached skill level 17 in Axes
 16554 | Lair:4   | Reached XP level 14. HP: 119/125 MP: 16/16
 16563 | Lair:4   | Received a gift from Okawaru
 16892 | Lair:4   | Identified the +2 hat of a treasure trove {Dex+3} (Okawaru
                  | gifted it to you on level 4 of the Lair of Beasts)
 16892 | Lair:4   | Received a gift from Okawaru
 17385 | Lair:3   | Reached skill level 18 in Axes
 17936 | D:11     | You paid a toll of 4 scrolls of fog to enter a treasure
                  | trove
 17937 | Trove    | Entered a treasure trove
 17968 | Trove    | Got Sif Muna's Textbook on the Freezing Body
 17971 | Trove    | Got Sif Muna's Reference Book on Horrible Confrontation
 18097 | Orc:1    | Entered Level 1 of the Orcish Mines
 18508 | Orc:1    | Found a shimmering blue altar of Sif Muna.
 18545 | Orc:2    | Entered Level 2 of the Orcish Mines
 18545 | Orc:2    | Found a staircase to the Elven Halls.
 19332 | Orc:2    | Found Deeb's Magic Scroll Shoppe.
 19332 | Orc:2    | Found Tualea Miri's Magic Scroll Shop.
 19335 | Orc:2    | Identified the +1 pair of gloves of Intuition {Drain rPois
                  | Regen+ rCorr} (Okawaru gifted it to you on level 2 of the
                  | Orcish Mines)
 19335 | Orc:2    | Received a gift from Okawaru
 19347 | Orc:2    | Found Miesh's Armour Shop.
 19347 | Orc:2    | Found Subuh's Antique Weapon Shoppe.
 19454 | Orc:2    | Bought a scroll of teleportation for 45 gold pieces
 19454 | Orc:2    | Bought a scroll of identify for 30 gold pieces
 19468 | Orc:2    | Bought the +5 ring mail of the Salamander {+Inv rElec rF+}
                  | for 798 gold pieces
 19483 | Orc:2    | Bought a scroll of blinking for 112 gold pieces
 19483 | Orc:2    | Bought a scroll of blinking for 112 gold pieces
 19483 | Orc:2    | Bought a scroll of teleportation for 45 gold pieces
 20335 | Lair:3   | Found a staircase to the Swamp.
 20347 | Swamp:1  | Entered Level 1 of the Swamp
 20569 | Swamp:1  | Noticed Josephine
 20582 | Swamp:1  | Killed Josephine
 20667 | Lair:3   | Reached XP level 15. HP: 63/138 MP: 17/17
 21458 | Swamp:2  | Found a frozen archway.
 21977 | Swamp:2  | Reached skill level 19 in Axes
 22303 | Swamp:3  | Received a gift from Okawaru
 22482 | Swamp:3  | Received a gift from Okawaru
 22652 | Swamp:3  | Reached skill level 15 in Fighting
 23065 | Swamp:4  | Entered Level 4 of the Swamp
 23078 | Swamp:4  | Reached skill level 5 in Invocations
 23107 | Swamp:4  | Received a gift from Okawaru
 23275 | Swamp:4  | Received a gift from Okawaru
 23420 | Swamp:3  | Slain by a nine-headed hydra

Illustrated notes

Levels and vault maps discovered:
D:1:      minmay_arrival_stair_chambers, layout_rooms
D:2:      layout_loops_ring, chequers_ecumenical_altar_lobes,
          kennysheep_flooded_box
D:3:      layout_loops_ring, mainiacjoe_overflow_24_doors,
          kennysheep_generic_room_15, uniq_sigmund
D:4:      layout_loops_cross, uniq_pikel
D:5:      gammafunk_steamed_eel, layout_layer_cave
D:6:      nicolae_cairo_tiling_large, layout_gridville,
          minmay_temple_entry_butterflies, serial_co_window_serial,
          co_window_corner_a, co_window_paths_b, co_window_of_opportunity_a,
          co_window_of_opportunity_a, co_window_paths_a, co_window_paths_b,
          co_window_corner_a, co_window_of_opportunity_c, co_window_broadway_b,
          co_window_broadway_b, co_window_paths_c, co_window_of_opportunity_b,
          glass_columns_a, glass_columns_a, glass_columns_a, minivault_27
D:7:      layout_basic, minmay_misc_feat_alley, uniq_menkaure
D:8:      layout_basic, minmay_sticks_and_stones, uniq_psyche
D:9:      layout_loops_ring, kb_lookout_dungeons_type
D:10:     layout_small_grid, orc_0_dummy, grunt_ministairs_10,
          hangedman_abyss_or_decor_stabs, kennysheep_generic_room_5, uniq_grum
D:11:     layout_layer_cave, due_lair_maze_entry_diamond, enter_trove_3
Temple:   compressed_dpeg_triangle_lava_temple
Lair:1:   layout_regular_city, lemuel_fruit_fields, lemuel_fruit_tree
Lair:2:   layout_regular_city, hellmonk_spider_entry_not_the_bees,
          amcnicky_mini_pool_medium, grunt_megastairs_3
Lair:3:   layout_chaotic_city, palyth_hydra_swamp_entry,
          nicolae_quartered_pool_medium, serial_bayou_shore_a
Lair:4:   layout_cave_pods, nicolae_volcano_entry_s_turn
Lair:5:   grunt_lair_end_beastmaster, layout_hall_layers, slime_entry_1,
          patterned_corridor
Swamp:1:  layout_basic_swamp, evilmike_swamp_ruin_rubble_2, swamp_pool5,
          infiniplex_staircase_pool, uniq_josephine
Swamp:2:  layout_falls_marsh, portal_ice_cave_entry_ice_statue_two,
          infiniplex_staircase_pool_2
Swamp:3:  nicolae_swamp_ascending_descending_big, layout_basic_swamp,
          evilmike_swamp_ruin_house_2, st_swamp_ruins_4
Swamp:4:  swamp_pestilence, layout_basic_swamp
Orc:1:    layout_diamond_mine, kennysheep_orc_sif_temple
Orc:2:    grunt_orc_tribal_feast, layout_caves, bh_open_orc_temple

Skill      XL: |  1  2  3  4  5  6  7  8  9 10 11 12 13 14 15 |
---------------+----------------------------------------------+-----
Shields        | 4 5 6 8 9 10 11 12 | 12.0
Armour         | 4 5 6 8 10 12 13 14 | 14.1
Fighting       | 4 5 6 7 9 10 11 14 15 | 15.4
Axes           | 3 4 7 10 11 13 15 17 18 19 | 19.4
Dodging        | 1 2 3 5 6 7 8 9 |  9.4
Throwing       | 1 3 4 5 |  5.7
Stealth        | 2 3 |  3.6
Invocations    | 3 4 5 |  5.4
Evocations     | 2 3 |  3.5

Action                     |  1- 3 |  4- 6 |  7- 9 | 10-12 | 13-15 || total
---------------------------+-------+-------+-------+-------+-------++-------
  Melee: War axe           |    68 |   115 |   115 |       |       ||   298
         Headbutt          |     6 |    15 |    49 |   121 |   215 ||   406
         Hand axe          |       |       |   137 |   570 |    46 ||   753
         Labrys            |       |       |       |       |   856 ||   856
         Broad axe         |       |       |       |       |    31 ||    31
  Throw: Boomerang         |       |     6 |    21 |    24 |       ||    51
 Invoke: Heroism           |       |       |       |     4 |     2 ||     6
         Finesse           |       |       |       |     1 |     2 ||     3
  Evoke: Wand              |       |       |       |     9 |    31 ||    40
    Use: Potion            |     1 |       |       |    12 |     5 ||    18
         Scroll            |       |     4 |     3 |    19 |    14 ||    40
   Stab: Petrifying        |       |       |       |       |     2 ||     2
         Sleeping          |       |       |       |       |     2 ||     2
 Armour: Scale mail        |    13 |       |       |       |       ||    13
         Chain mail        |    20 |    66 |   127 |   198 |   265 ||   676
         Skin              |       |       |       |    12 |       ||    12
         Ring mail         |       |       |       |       |   224 ||   224
  Dodge: Dodged            |    23 |    57 |   115 |   231 |   632 ||  1058
         Repelled          |       |       |       |       |     2 ||     2
  Block: Buckler           |     9 |    20 |    51 |   116 |   350 ||   546
